 Dungeon Crawl Stone Soup version 0.21-a0-581-gb7d493ddfc (console) character file.

240 Harunobu the Sneak (level 6, 0/28 HPs)
             Began as a Vine Stalker Enchanter on Dec 19, 2017.
             Succumbed to a scorpion's poison
             ... on level 4 of the Dungeon.
             The game lasted 00:10:53 (4263 turns).

Harunobu the Sneak (Vine Stalker Enchanter)         Turns: 4263, Time: 00:10:54

Health: 0/28       AC:  2    Str:  9 (12) XL:     6   Next: 8%
Magic:  1/12       EV: 12    Int: 13 (15) God:
Gold:   93         SH:  0    Dex: 12 (15) Spells: 5/11 levels left

rFire    . . .     SeeInvis .   a - +1 dagger
rCold    . . .     Gourm    .   (no shield)
rNeg     + . .     Faith    .   b - +0 robe
rPois    .         Spirit   +   (no helmet)
rElec    .         Reflect  .   (no cloak)
rCorr    .         Harm     .   (no gloves)
MR       .....                  (no boots)
Stlth    +++.......             f - amulet of magic regeneration
HPRegen  0.49/turn              p - ring of positive energy
MPRegen  0.38/turn              (no ring)

@: lethally poisoned (0 -> -1), flying
A: fangs 2, regeneration 1, magic shield, antimagic bite, no potion heal 3, rot
immunity
a: no special abilities


You were on level 4 of the Dungeon.
You were hungry.

You visited 1 branch of the dungeon, and saw 4 of its levels.

You collected 93 gold pieces.

Inventory:

Hand Weapons
 a - a +1 dagger (weapon)
Armour
 b - a +0 robe (worn)
 r - a +0 pair of gloves
Jewellery
 f - an amulet of magic regeneration (around neck)
 p - a ring of positive energy (left hand)
Scrolls
 e - 2 scrolls of remove curse
 g - 2 scrolls of blinking {unknown}
 h - 2 scrolls of immolation {unknown}
 i - a scroll of amnesia {unknown}
 l - a scroll of enchant weapon {unknown}
 m - 2 scrolls of identify {unknown}
Books
 c - a book of Maledictions

   Spells                             Type                      Level
   a - Corona                         Hexes                        1
   b - Ensorcelled Hibernation        Hexes/Ice                    2
   c - Confuse                        Hexes                        3
   d - Tukima's Dance                 Hexes                        3
   e - Dazzling Spray                 Conjuration/Hexes            3
Comestibles
 d - 4 rations
 q - 2 chunks of flesh


   Skills:
 + Level 1.9 Short Blades
 + Level 1.8 Dodging
 + Level 5.2 Stealth
 + Level 3.3 Spellcasting
 + Level 4.0 Hexes
 + Level 2.1 Ice Magic


You had 5 spell levels left.
You knew the following spells:

 Your Spells              Type           Power        Failure   Level  Hunger
a - Corona                Hex            ##.....      4%          1    #......
b - Ensorcelled Hibernat  Hex/Ice        ##....       10%         2    ##.....
c - Confuse               Hex            ##......     13%         3    ###....


Dungeon Overview and Level Annotations

Branches:
Dungeon (4/15)
 Temple: D:4-7

Altars:
Nemelex Xobeh
Xom

Annotations:
D:3 Robin


Innate Abilities, Weirdness & Mutations

You have extremely sharp teeth.
Your natural rate of healing is unusually fast.
When hurt, damage is shared between your health and your magic reserves.
Your bite disrupts and absorbs the magic of your enemies.
Potions cannot restore your health.
You are immune to rotting.


Message History

You feel sick. The scorpion stings you.
* * * LOW HITPOINT WARNING * * *
It was a potion of magic.
Magic courses through your body. The scorpion stings you.
* * * LOW HITPOINT WARNING * * *
Your magical contamination has completely faded away.
It was a potion of flight.
You feel very buoyant.
You fly up into the air.
The scorpion barely misses you.
It was a potion of curing.
Your system rejects the healing.
You feel better. The scorpion stings you!
* * * LOW HITPOINT WARNING * * *
It was a potion of degeneration.
There was something very wrong with that liquid.
You feel weakened.
You feel dopey.
You feel clumsy. The scorpion stings you.
* * * LOW HITPOINT WARNING * * *
You are lethally poisoned!
The scorpion poisons you!
You die...

....# ....# ...## ....# ....#
....# ....# ..#.###
############## .##...#####
#..@.so......# .####.#...#
##.########'''###### .#
#...#.###..########...####### .#
##.....##..#####.###...###§### .#
#..###..#.#.###§§§##.⌠.##.§§## .#
#.###.....#.##.§§§§#...#§.§§§#
.###.#.....(...###§§§##...##§§§##
.......##.####.####§###...###§###
#.#........ .########...#######


You could see a scorpion and an orc.

Vanquished Creatures
  A scorpion (D:4)
  An orc wizard (D:2)
  2 worker ants (D:4)
  4 adders
  An adder skeleton (D:4)
  A worm (D:2)
  A dart slug (D:2)
  4 leopard geckos
  3 orcs (D:3)
  A ball python (D:4)
  8 bats
  6 giant cockroaches
  5 goblins
  5 hobgoblins
  4 jackals (D:1)
  6 kobolds
  2 quokkas
  4 frilled lizards
  6 rats
65 creatures vanquished.

Notes
Turn   | Place    | Note
-------+----------+-------------------------------------------
     0 | D:1      | Harunobu the Vine Stalker Enchanter began the quest for the Orb.
     0 | D:1      | Reached XP level 1. HP: 9/9 MP: 4/4
   141 | D:1      | Reached skill level 1 in Short Blades
   316 | D:1      | Reached XP level 2. HP: 13/13 MP: 6/6
   480 | D:1      | Learned a level 2 spell: Ensorcelled Hibernation
  1090 | D:1      | Reached XP level 3. HP: 16/16 MP: 7/7
  1112 | D:1      | Learned a level 3 spell: Confuse
  2064 | D:2      | Reached skill level 4 in Stealth
  2327 | D:2      | Gained mutation: Your natural rate of healing is unusually fast. [Vine Stalker growth]
  2327 | D:2      | Reached XP level 4. HP: 21/21 MP: 4/9
  3146 | D:2      | Found a shimmering altar of Xom.
  3358 | D:3      | Reached skill level 1 in Ice Magic
  3643 | D:2      | Reached XP level 5. HP: 24/24 MP: 5/10
  3885 | D:3      | Noticed Robin
  3915 | D:4      | Reached skill level 5 in Stealth
  4170 | D:4      | Found a sparkling altar of Nemelex Xobeh.
  4223 | D:4      | Reached XP level 6. HP: 28/28 MP: 8/12
  4262 | D:4      | HP: 1/28 [scorpion (2)]
  4263 | D:4      | Succumbed to a scorpion's poison

Vault maps used:
D:1:      dpeg_arrival_refuge
D:2:      tgw_xom
D:3:      old_standard_altar, yredelemnul_altar_generic,
          lemuel_zombie_altar_kikubaaqudgha, makhleb_blood_cavern_becter,
          lemuel_coloured_pillars_altar, uniq_robin
D:4:      fedhas_altar_3, nemelex_altar_shiori, first_ration

Skill      XL: |  1  2  3  4  5 |
---------------+----------------+-----
Short Blades   | 1 |  1.9
Stealth        | 4 5 |  5.2
Ice Magic      | 1 2 |  2.1
Spellcasting   | 3 |  3.3
Hexes          | 4 |  4.0
Dodging        | |  1.8

Action                   |  1- 3 |  4- 6 || total
-------------------------+-------+-------++-------
Melee: Dagger            |    72 |    47 ||   119
       Bite              |     8 |     4 ||    12
 Cast: Corona            |     6 |     3 ||     9
       Ensorcelled Hiber |    28 |    40 ||    68
  Use: Scroll            |     1 |       ||     1
       Potion            |     2 |     4 ||     6
 Stab: Sleeping          |    26 |    22 ||    48
       Distracted        |       |     1 ||     1
  Eat: Chunk             |     6 |     8 ||    14
Armor: Robe              |    21 |     8 ||    29
Dodge: Dodged            |    45 |    32 ||    77

Table legend:
 A = Spawn XP
 B = Non-spawn XP
 C = Spawn XP percentage of total XP
 D = Spawn monster count
 E = Non-spawn monster count
 F = Spawn count percentage of total count
 G = Total turns spent on level
                    A         B        C        D         E        F      G
               +---------+---------+-------+---------+---------+-------+---------
         Total |       0 |     343 |   0.0 |       0 |      65 |   0.0 |  4263
               +---------+---------+-------+---------+---------+-------+---------
           D:1 |       0 |      48 |   0.0 |       0 |      25 |   0.0 |  1681
           D:2 |       0 |     105 |   0.0 |       0 |      22 |   0.0 |  1832
           D:3 |       0 |      42 |   0.0 |       0 |       9 |   0.0 |   387
           D:4 |       0 |     148 |   0.0 |       0 |       9 |   0.0 |   363
               +---------+---------+-------+---------+---------+-------+---------
